 Dungeon Crawl Stone Soup version 0.30-a0-738-g116ff8c4af (webtiles) character file.

Game seed: 14654331549748480527

394 Leeroy the Slasher (level 6, -3/30 HPs)
             Began as a Vine Stalker Warper on Feb 3, 2023.
             Splashed by a jelly's acid (4 damage)
             ... on level 4 of the Dungeon.
             The game lasted 00:05:07 (2540 turns).

Leeroy the Slasher (Vine Stalker Warper)            Turns: 2540, Time: 00:05:08

Health: -3/30      AC:  0    Str: 14    XL:     6   Next: 82%
Magic:  0/10       EV: 12    Int: 13    God:
Gold:   153        SH:  0    Dex: 15    Spells: 0/9 levels left

rFire   . . .      SeeInvis .    i - +1 dagger (speed)
rCold   . . .      Faith    .    (no shield)
rNeg    . . .      Spirit   +    b - +0 leather armour
rPois   .          Reflect  .    (no helmet)
rElec   .          Harm     .    (no cloak)
rCorr   .          Rampage  .    (no gloves)
Will    .....                    (no boots)
Stlth   +                        (no amulet)
HPRegen 1.05/turn                (no ring)
MPRegen 0.12/turn                (no ring)

@: corroded
A: fangs 2, regeneration 1, magic shield, antimagic bite, no potion heal 2
a: no special abilities


You were on level 4 of the Dungeon.
You visited 1 branch of the dungeon, and saw 4 of its levels.

You collected 153 gold pieces.

Inventory:

Hand Weapons
 a - a +0 falchion
 f - a +2 dagger of draining
 i - a +1 dagger of speed (weapon)
 t - a +1 dagger of electrocution
Missiles
 d - 2 boomerangs of dispersal (quivered)
Armour
 b - a +0 leather armour (worn)
Scrolls
 c - a scroll of blinking
 e - 4 scrolls of teleportation {unknown}
 g - 2 scrolls of noise {unknown}
 k - 2 scrolls of vulnerability {unknown}
 l - a scroll of enchant weapon {unknown}
 n - 3 scrolls of identify {unknown}
 s - a scroll of magic mapping {unknown}
 u - a scroll of brand weapon {unknown}
Potions
 h - a potion of curing {unknown}
 j - a potion of attraction {unknown}
 m - a potion of brilliance {unknown}
 o - a potion of invisibility {unknown}
 p - a potion of heal wounds {unknown}
 q - a potion of ambrosia {unknown}
 r - a potion of haste {unknown}


   Skills:
 - Level 1.7 Fighting
 - Level 6.0 Long Blades
 - Level 0.8 Throwing
 - Level 0.7 Armour
 + Level 2.4 Dodging
 - Level 2.1 Spellcasting
 - Level 3.0 Translocations


You couldn't memorise any spells.
You knew the following spells:

 Your Spells              Type           Power      Damage    Failure   Level
a - Blink                 Tloc           18%        N/A       14%         2
b - Vhi's Electric Charg  Tloc/Air       10%        N/A       45%         3
c - Manifold Assault      Tloc           9%         N/A       67%         4

Your spell library contained the following spells:

 Spells                   Type           Power      Damage    Failure   Level
 Lesser Beckoning         Tloc           18%        N/A       14%         2
 Teleport Other           Tloc           9%         N/A       28%         3


Dungeon Overview and Level Annotations

Branches:
Dungeon (4/15)
 Temple: D:4-7

Altars:
Ashenzari
Fedhas
Makhleb
Vehumet

Shops:
D:3 [

Annotations:
D:3 1 runed translucent door, Torious's ghost, amateur DECj


Innate Abilities, Weirdness & Mutations

You have extremely sharp teeth.
Your natural rate of healing is unusually fast.
When hurt, damage is shared between your health and your magic reserves.
Your bite disrupts and absorbs the magic of your enemies.
Potions cannot restore your health.


Message History

The ball python barely misses you.
The ball python attacks as you move away!
The ball python bites you but does no damage.
The ball python attacks as you move away!
The ball python bites you. The ball python closely misses you.
The ball python attacks as you move away!
The ball python bites you. The ball python barely misses you.
The ball python bites you. The ball python grabs you.
The ball python constricts you.
You hit the ball python.
You kill the ball python!
The jelly hits you but does no damage.
You hit the jelly. The acid corrodes you!
Your hands burn!
The jelly is severely wounded.
You hit the jelly but do no damage.
Your hands burn!
The jelly is severely wounded.
The jelly hits you.
You are splashed with acid.
You hit the jelly but do no damage.
Your hands burn!
You bite the jelly. You drain its power.
You feel invigorated.
The jelly is severely wounded.
You hit the jelly.
Your hands burn!
You bite the jelly, but do no damage.
The jelly is severely wounded.
The jelly completely misses you.
You hit the jelly but do no damage.
Your hands burn!
The jelly is severely wounded.
You hit the jelly but do no damage.
Your hands burn!
You bite the jelly, but do no damage.
The jelly is severely wounded.
The jelly completely misses you.
You hit the jelly but do no damage.
Your hands burn!
The jelly is severely wounded.
You hit the jelly but do no damage.
Your hands burn!
You bite the jelly. You drain its power.
You feel invigorated.
The jelly is almost dead.
The jelly hits you.
* * * LOW HITPOINT WARNING * * *
You are splashed with acid!
* * * LOW HITPOINT WARNING * * *
You hit the jelly but do no damage.
Your hands burn!
You die...

...................## ##.####....
..............#.....###.....>...
........[....####.####..........
#.........#.......#.........#...
..<.........#.........#....## ..
#..........#######...#......#
#...........#######.##.....## .
#..#.................##....# ..
##.##......#...#@....##...####...
###......######.J........#......
#....#....#####....#....#.....#
##....#.......#####............#
#.....#.......# ###............#
#....##....##.# #...............#
............#.# ##...............
...........##.###...........###..
...............##...........###..


You could see a jelly.

Vanquished Creatures
  An ogre (D:4)
  A scorpion (D:3)
  2 hounds (D:4)
  2 orc wizards (D:4)
  4 adders
  2 worms
  A dart slug (D:1)
  An orc (D:4)
  8 endoplasms
  6 giant cockroaches
  13 goblins
  8 hobgoblins
  12 jackals
  2 kobolds (D:1)
  5 quokkas
  8 ball pythons
  8 bats
  7 frilled lizards
  4 rats
95 creatures vanquished.

Notes
Turn   | Place    | Note
-------+----------+-------------------------------------------
     0 | D:1      | Leeroy the Vine Stalker Warper began the quest for the Orb.
     0 | D:1      | Reached XP level 1. HP: 11/11 MP: 4/4
    44 | D:1      | Reached skill level 2 in Long Blades
    90 | D:1      | Reached XP level 2. HP: 14/14 MP: 6/6
   287 | D:1      | Reached skill level 3 in Long Blades
   298 | D:1      | Reached XP level 3. HP: 18/18 MP: 7/7
   937 | D:2      | Found a radiant altar of Vehumet.
   961 | D:2      | Gained mutation: Your natural rate of healing is unusually
                  | fast. [Vine Stalker growth]
   961 | D:2      | Reached XP level 4. HP: 23/23 MP: 8/8
  1042 | D:2      | Reached skill level 4 in Long Blades
  1366 | D:3      | Found Dist's Antique Armour Emporium.
  1404 | D:3      | Noticed a scorpion
  1425 | D:3      | Killed a scorpion
  1426 | D:3      | Reached XP level 5. HP: 22/26 MP: 9/9
  1562 | D:3      | Found a blossoming altar of Fedhas.
  1781 | D:3      | Reached skill level 5 in Long Blades
  1850 | D:3      | Found a runed translucent door.
  1854 | D:3      | Noticed Torious's ghost (amateur DECj)
  2188 | D:4      | Noticed an ogre
  2196 | D:4      | Noticed a steam dragon
  2197 | D:4      | Reached XP level 6. HP: 21/30 MP: 7/10
  2231 | D:4      | Reached skill level 6 in Long Blades
  2236 | D:3      | Learned a level 2 spell: Blink
  2240 | D:3      | Learned a level 3 spell: Vhi's Electric Charge
  2245 | D:3      | Learned a level 4 spell: Manifold Assault
  2352 | D:4      | Found a broken altar of Ashenzari.
  2352 | D:4      | Found a burning altar of Makhleb.
  2539 | D:4      | HP: 1/30 [acid (6)]
  2540 | D:4      | Splashed by a jelly's acid

Illustrated notes

Levels and vault maps discovered:
D:1:      giann_bridges, layout_loops_ring, minmay_heptomino_d4
D:2:      layout_basic, basic_altar
D:3:      minmay_evil_eye, layout_loops_ring, general_overflow_altar,
          ebering_ghost_sewer_d, serial_shops, shop
D:4:      layout_cave_pools, jmf_multi_god_temple

Skill      XL: |  1  2  3  4  5  6 |
---------------+-------------------+-----
Long Blades    | 2 3 4 5 6 |  6.0
Dodging        | 2 |  2.4
Fighting       | |  1.7
Throwing       | |  0.8
Armour         | |  0.7
Spellcasting   | |  2.1
Translocations | |  3.0

Action                     |  1- 3 |  4- 6 || total
---------------------------+-------+-------++-------
  Melee: Falchion          |     8 |       ||     8
         Dagger            |   117 |   233 ||   350
         Bite              |    28 |    70 ||    98
         Punch             |     1 |     1 ||     2
  Throw: Boomerang         |       |     5 ||     5
   Cast: Blink             |       |     1 ||     1
   Stab: Sleeping          |     4 |     1 ||     5
 Armour: Leather armour    |    18 |    31 ||    49
  Dodge: Dodged            |    43 |    73 ||   116

Table legend: (Time is in decaauts)
 A = Elapsed time spent in this place.
 B = Non-inter-level travel time spent in this place.
 C = Inter-level travel time spent in this place.
 D = Time resting spent in this place.
 E = Time spent auto-exploring this place.
 F = Levels seen in this place.
 G = Mean time per level.
                   A        B        C        D        E       F      G
               +--------+--------+--------+--------+--------+-----+--------+
         Total |   2392 |   2299 |     93 |      8 |   1717 |   4 |  598.0 |
       Dungeon |   2392 |   2299 |     93 |      8 |   1717 |   4 |  598.0 |
               +--------+--------+--------+--------+--------+-----+--------+

Top non-repeatable levels by time:
     D:1: 870 daAuts
     D:3: 714 daAuts
     D:2: 437 daAuts
     D:4: 371 daAuts
